 Dungeon Crawl Stone Soup version 0.16.1-30-g34a7ffa (webtiles) character file.

104448 LodaIlSoleeee the Covert (level 16, -7/103 HPs)
             Began as a Gargoyle Fighter on June 21, 2015.
             Was a High Priest of Trog.
             Killed from afar by a deep elf high priest (34 damage)
             ... with a burst of hellfire
             ... on level 3 of the Elven Halls on June 22, 2015.
             The game lasted 04:48:20 (30472 turns).

LodaIlSoleeee the Covert (Gargoyle Fighter)        Turns: 30472, Time: 04:48:21

Health: -7/103     AC: 28    Str: 25    XL:     16   Next: 38%
Magic:  18/18      EV: 21    Int: 11    God:    Trog [*****.]
Gold:   272        SH: 17    Dex: 22    Spells: 0 memorised, 16 levels left

rFire  . . .     SeeInvis +     Y - +0 whip of Exoneration {speed, Dex+3} (curse)
rCold  . . .     Clarity  .     D - -1 scale mail of Experimentation {Str+4}
rNeg   + + +     SustAb   +     c - +3 shield
rPois  ∞         Gourm    .     v - +2 hat {SInv}
rElec  +         Spirit   .     C - +1 cloak
rCorr  .         Warding  +     L - +2 pair of fencer's gloves {EV+3 Dex+6 Slay+2}
rMut   .         NoTele   +     q - +0 pair of boots
MR     ++...                    a - amulet of Cekugob {Ward -Tele rElec rPois rN++ AC+1 EV+1}
Stlth  +++++.....               e - ring of sustain abilities
                                i - ring of protection from magic

@: very resistant to hostile enchantments, quite stealthy
A: able to fly continuously, big wings, negative energy resistance 1,
electricity resistance, unbreathing, petrification resistance, rot immunity,
MP-powered wands 1, AC +11
a: Fly, Burn Spellbooks, Berserk, Trog's Hand, Brothers in Arms, Renounce
Religion


You were on level 3 of the Elven Halls.
You worshipped Trog.
Trog was extremely pleased with you.
You were not hungry.

You visited 3 branches of the dungeon, and saw 22 of its levels.
You visited 1 bazaar.
You also visited: Ossuary.

You collected 2168 gold pieces.
You spent 1824 gold pieces at shops.

Inventory:

Hand weapons
 s - a +6 rapier of speed
 E - a +4 demon blade of freezing
 R - a +1 blowgun
 T - a +4 short sword of protection
 Y - the cursed +0 whip of Exoneration (weapon) {speed, Dex+3}
   (You took it off a deep elf priest on level 2 of the Elven Halls)

   Attacks with this weapon are significantly faster.
   It affects your dexterity (+3).
   It has a curse placed upon it.
Missiles
 b - 2 javelins of penetration (quivered)
 f - 22 poisoned needles
 j - 7 needles of slowing
 u - a steel tomahawk
 w - 10 steel javelins
 x - 5 needles of confusion
 W - 2 needles of paralysis
 X - 2 javelins of returning
Armour
 c - a +3 shield (worn)
 q - a +0 pair of boots (worn)
 v - a +2 hat of see invisible (worn)
 C - a +1 cloak (worn)
 D - the -1 scale mail of Experimentation (worn) {Str+4}
   (You bought it in a shop on level 4 of the Dungeon)

   It affects your strength (+4).
 L - the +2 pair of fencer's gloves (worn) {EV+3 Dex+6 Slay+2}
   (You found it on level 5 of the Dungeon)

   It affects your evasion (+3).
   It affects your dexterity (+6).
   It affects your accuracy and damage with ranged weapons and melee attacks
   (+2).
Jewellery
 a - the amulet of Cekugob (around neck) {Ward -Tele rElec rPois rN++ AC+1 EV+1}
   (You found it on level 6 of the Dungeon)

   [amulet of warding]

   It may prevent the melee attacks of summoned creatures.
   It affects your AC (+1).
   It affects your evasion (+1).
   It insulates you from electricity.
   It protects you from poison.
   It greatly protects you from negative energy.
   It prevents most forms of teleportation.
 e - a ring of sustain abilities (right hand)
 i - a ring of protection from magic (left hand)
 m - an uncursed ring of fire {unknown}
 t - an uncursed ring of protection from cold
 M - an uncursed ring of protection from fire
Magical devices
 g - a wand of digging (3)
 h - a wand of magic darts (23)
 k - a wand of magic darts (14)
 l - a wand of flame (25)
 o - a wand of paralysis (18)
 r - a wand of confusion (10)
 F - a wand of lightning (10)
 G - a wand of slowing (33)
 H - a wand of teleportation (8)
 N - a wand of fireball (2)
 O - a wand of draining (1)
 P - a wand of confusion (17)
 Z - a wand of slowing (43)
Scrolls
 n - 4 scrolls of fear
 I - 2 scrolls of holy word
 K - 3 scrolls of teleportation
Potions
 p - 4 potions of poison
 z - 4 potions of restore abilities
 A - a potion of cure mutation
 Q - a potion of haste
 S - a potion of resistance
Miscellaneous
 J - a plain deck of defence {drawn: 2}
 U - a plain deck of wonders {drawn: 2}
 V - a plain deck of changes {drawn: 1}
Comestibles
 d - 3 bread rations
 y - a meat ration


   Skills:
 * Level 12.6 Fighting
 - Level 12.0 Short Blades
   Level 2.3(2.9) Axes
 * Level 2.7(3.2) Maces & Flails
   Level 0.1(5.9) Slings
 + Level 10.3 Throwing
 * Level 8.3 Armour
 + Level 8.2 Dodging
 * Level 14.4 Stealth
 + Level 13.2 Shields
 - Level 0.5 Spellcasting
 - Level 1.0 Evocations


You had 16 spell levels left.
You didn't know any spells.

Dungeon Overview and Level Annotations

Branches:
Dungeon (15/15)            Temple (0/1) D:4            Lair (0/8) D:10
    Orc (4/4) D:12            Elf (3/3) Orc:4        Vaults (0/5) D:14
 Depths (0/5) D:15

Altars:
Elyvilon
Makhleb
Trog
Xom
Beogh

Shops:
D:4 [   D:8 !   D:10 (   Orc:3 [   Orc:4 (*}[%?

Portals:
Pandemonium: Orc:4


Innate Abilities, Weirdness & Mutations

You are resistant to torment.
You are immune to poison.
You can fly continuously.
Your stone body is very resilient (AC +11).
Your wings are large and strong.
You resist negative energy.
You are resistant to electric shocks.
You can survive without breathing.
You are immune to petrification.
You are immune to rotting.
You expend magic power (3 MP) to slightly strengthen your wands.


Message History

Press: ? - help, Shift-Dir - straight line, f - Hell Sentinel
Aim: a Hell Sentinel (lightly wounded, summoned)
You throw a tomahawk of dispersal.
The tomahawk of dispersal hits the Hell Sentinel but does no damage.
The Hell Sentinel is lightly wounded.
The deep elf annihilator mumbles some strange words.
The deep elf annihilator blinks!
Throwing (i - inventory. (,) - cycle):
B - a tomahawk of dispersal (quivered)
Press: ? - help, Shift-Dir - straight line, f - deep elf demonologist, p - Hell Sentinel
Aim: a deep elf demonologist, wielding a long sword (lightly wounded, lightly drained)
You throw a tomahawk of dispersal.
The tomahawk of dispersal hits the Hell Sentinel but does no damage.
The Hell Sentinel is lightly wounded.
The ynoxinul gestures.
The deep elf demonologist mumbles some strange words.
The deep elf annihilator mumbles some strange words.
The deep elf annihilator blinks!
The deep elf high priest invokes the aid of its god against you.
The hellfire explodes!
The burst of hellfire engulfs you!
You die... ##.4[51## ..3e33. .2e33 4ee

#3# #e#
##.# #1.#
#@## #.#
#.# #.#
##.####
##.....##
#....)..#
#...<...#
#P..8...+


You could see a Hell Sentinel, a deep elf annihilator, a deep elf sorcerer, 2
ice devils, 2 deep elf demonologists, a deep elf high priest, a ynoxinul and a
chaos spawn.

Vanquished Creatures
  2 deep elf sorcerers (Elf:1)
  A deep elf annihilator (Elf:2)
  2 deep elf demonologists
  Snorg (Orc:2)
  A deep elf death mage (Elf:1)
  A deep elf high priest (Elf:1)
  A hydra (D:12)
  Nessos (Orc:3)
  10 dancing weapons (Elf:2)
  A catoblepas (D:15)
  The ghost of hemol the Basher, an experienced MiFi of the Shining One (D:10)
  A tengu warrior (D:15)
  4 large abominations (Elf:2)
  7 orc high priests
  A soul eater (Orc:4)
  Erolcha (D:11)
  14 deep elf knights
  A sun demon (Elf:1)
  An unseen horror (D:15)
  9 deep elf summoners
  8 hill giants
  A putrid demonspawn (Orc:4)
  2 gelid demonspawn (Orc:4)
  13 deep elf conjurers
  A wizard (Elf:2)
  A wolf spider (D:15)
  2 griffons
  5 orc knights
  2 ugly things
  The ghost of Razmath the Covert, an experienced FeMo of Okawaru (D:9)
  A shining eye (shapeshifter) (D:13)
  4 manticores
  7 orc sorcerers (Orc:4)
  4 cyclopes
  The ghost of comborobin the Ruffian, an experienced TrFi of Trog (D:8)
  Maurice (D:9)
  Psyche (Orc:4)
  6 yaktaurs
  A smoke demon (Elf:3)
  14 deep elf priests
  2 demonic crawlers (Elf:1)
  A tengu conjurer (D:15)
  4 komodo dragons
  Sonja (D:15)
  2 blue devils (Orc:4)
  8 trolls
  3 two-headed ogres
  5 ravens (D:15)
  A jumping spider (shapeshifter) (Elf:1)
  2 redbacks (Elf:1)
  A hungry ghost (D:14)
  23 deep elf magi
  2 spriggans (shapeshifter)
  19 yaks
  2 shadows
  2 wyverns
  2 wraiths
  6 hippogriffs
  A tarantella (Elf:1)
  Grum (D:9)
  3 vampire mosquitoes (D:15)
  2 steam dragons
  4 wargs
  29 deep elf fighters
  A putrid demonspawn zombie (Orc:4)
  7 small abominations (Elf:2)
  2 ice beasts
  2 water moccasins
  2 sky beasts
  3 black bears
  7 ogres
  4 phantoms
  34 orc warriors
  A wasp (D:11)
  6 centaurs
  3 crocodiles
  A boring beetle (shapeshifter) (D:15)
  Duvessa (D:7)
  3 big kobolds
  9 giant frogs
  3 scorpions
  5 jellies
  17 killer bees
  3 wights (D:12)
  A bog body (Ossuary)
  Dowan (D:7)
  2 goliath beetles
  7 centaur zombies
  10 crimson imps
  A wasp zombie (D:9)
  4 giant frog zombies (Ossuary)
  2 giant frog skeletons
  7 hounds
  4 centaur skeletons
  38 orc priests
  10 iguanas
  38 orc wizards
  6 hell rats (Elf:1)
  4 worker ants
  5 sheep
  4 killer bee zombies
  4 hound zombies
  6 mummies (Ossuary)
  A hound skeleton (D:4)
  7 worker ant zombies
  11 gnolls
  13 adders
  6 shadow imps
  4 worms
  A giant mite (D:6)
  2 adder zombies (Ossuary)
  7 giant geckos
  195 orcs
  4 ball pythons
  3 bat zombies (Ossuary)
  7 giant cockroaches
  15 goblins
  24 hobgoblins
  17 jackals
  32 kobolds
  4 quokkas
  20 bats
  2 giant cockroach zombies (Ossuary)
  A giant gecko zombie (Ossuary)
  11 giant newts
  2 giant spores
  A jackal skeleton (D:4)
  A quokka zombie (Ossuary)
  14 rats
  7 ballistomycetes
  2 crawling corpses (Elf:1)
945 creatures vanquished.

Vanquished Creatures (collateral kills)
  A deep elf blademaster (Elf:2)
  Gastronok (D:13)
  2 deep elf annihilators
  The ghost of 4thArraOfDagon the Grappler, a powerful TrHu of Okawaru (D:15)
  A yaktaur captain (D:14)
  A hydra (D:13)
  2 centaur warriors (D:14)
  2 dancing weapons (Elf:2)
  An orc high priest (Orc:4)
  3 deep elf knights (Elf:2)
  2 orc sorcerers
  A large abomination (Elf:2)
  An orc knight (Orc:4)
  A rust devil (Elf:2)
  An orange demon (Orc:4)
  A smoke demon (Orc:4)
  An efreet (D:14)
  A tengu conjurer (D:15)
  A hellwing (Orc:4)
  A red devil (Orc:4)
  3 deep elf priests (Elf:2)
  A raven (D:15)
  A deep elf mage (Elf:2)
  A basilisk (D:14)
  6 yaks
  A chaos spawn (Elf:2)
  3 wolves (D:9)
  2 deep elf fighters (Elf:2)
  4 orc warriors
  An orc zombie (Orc:4)
  2 big kobolds (D:13)
  A giant frog (D:15)
  4 centaurs (D:14)
  A wyvern zombie (D:9)
  A jelly (D:9)
  2 killer bees (D:9)
  A giant frog zombie (D:13)
  3 orc priests (Orc:4)
  An iguana (D:12)
  A sheep (D:13)
  2 adders
  3 orc skeletons (Orc:4)
  5 orcs
  3 kobolds
79 creatures vanquished.

Vanquished Creatures (others)
  A fire giant (D:15)
  A hill giant (Elf:2)
  A yaktaur (D:15)
  A two-headed ogre (D:12)
  2 trolls
  A deep elf mage (Elf:1)
  A yak (D:14)
  2 deep elf fighters
  A black bear (D:15)
  9 ogres
  A lost soul (Elf:1)
  An orc skeleton (Orc:4)
  3 orcs (Orc:4)
  2 fungi
  2 plants (Ossuary)
29 creatures vanquished.

Grand Total: 1053 creatures vanquished

Notes
Turn   | Place    | Note
--------------------------------------------------------------
     0 | D:1      | LodaIlSoleeee, the Gargoyle Fighter, began the quest for the Orb.
     0 | D:1      | Reached XP level 1. HP: 14/14 MP: 1/1
   191 | D:1      | Reached XP level 2. HP: 13/19 MP: 2/2
   505 | D:1      | Reached XP level 3. HP: 23/23 MP: 3/3
   893 | D:2      | Found a white marble altar of Elyvilon.
  1069 | D:2      | Reached skill level 1 in Stealth
  1174 | D:2      | Reached skill level 4 in Shields
  1174 | D:2      | Reached XP level 4. HP: 29/29 MP: 4/4
  1825 | D:3      | Reached XP level 5. HP: 33/33 MP: 5/5
  1867 | D:3      | Reached skill level 1 in Dodging
  2284 | D:3      | Found a bloodstained altar of Trog.
  2365 | D:3      | Became a worshipper of Trog the Wrathful
  2781 | D:4      | Reached XP level 6. HP: 16/38 MP: 6/6
  2814 | D:4      | Acquired Trog's first power
  3094 | D:4      | Found Pliubi's Armour Emporium.
  3097 | D:4      | Bought the cursed -1 scale mail of Experimentation {Str+4} for 148 gold pieces
  3822 | D:3      | Reached skill level 5 in Shields
  3827 | D:3      | Reached XP level 7. HP: 41/43 MP: 7/7
  4093 | D:4      | Acquired Trog's second power
  4536 | D:4      | Found a staircase to the Ecumenical Temple.
  4898 | D:5      | Entered Level 5 of the Dungeon
  4987 | D:5      | Got a sheer robe
  4995 | D:5      | Identified the +1 robe of Listlessness {+Inv rElec rPois MR+ Dex-5} (You found it on level 5 of the Dungeon)
  5114 | D:5      | Reached skill level 1 in Short Blades
  5401 | D:5      | Reached skill level 1 in Throwing
  5835 | D:6      | Reached XP level 8. HP: 26/48 MP: 8/8
  5963 | D:6      | Gained mutation: Your wings are large and strong. [potion of beneficial mutation]
  6101 | D:6      | Found a sand-covered staircase.
  6112 | Ossuary  | Entered an ossuary
  6422 | Ossuary  | Reached skill level 5 in Fighting
  6735 | D:6      | Reached skill level 5 in Armour
  6883 | D:6      | Reached skill level 5 in Stealth
  6930 | D:6      | Reached skill level 6 in Shields
  6958 | D:6      | Reached XP level 9. HP: 54/54 MP: 9/9
  7249 | D:7      | Noticed Dowan
  7251 | D:7      | Noticed Duvessa
  7267 | D:7      | Killed Duvessa
  7278 | D:7      | Killed Dowan
  7339 | D:7      | Lost mutation: Your wings are large and strong. [potion of cure mutation]
  7679 | D:8      | Found a white marble altar of Elyvilon.
  7704 | D:8      | Acquired Trog's third power
  7858 | D:8      | Found Huequl's Distillery.
  7888 | D:8      | Bought a potion of restore abilities for 75 gold pieces
  7888 | D:8      | Bought a potion of curing for 45 gold pieces
  7888 | D:8      | Bought a potion of heal wounds for 75 gold pieces
  8004 | D:8      | Reached skill level 7 in Shields
  8323 | D:8      | Noticed comborobin's ghost (experienced TrFi)
  8337 | D:8      | Killed comborobin's ghost
  8337 | D:8      | Reached XP level 10. HP: 52/61 MP: 11/11
  8555 | D:8      | Reached skill level 5 in Short Blades
  8783 | D:8      | Found a shimmering altar of Xom.
  8942 | D:9      | Received a gift from Trog
  9057 | D:9      | Noticed Razmath's ghost (experienced FeMo)
  9090 | D:9      | Killed Razmath's ghost
  9243 | D:9      | Reached skill level 8 in Shields
  9884 | D:9      | Noticed Maurice
  9895 | D:9      | Killed Maurice
  9898 | D:9      | Received a gift from Trog
  9956 | D:9      | Noticed Grum
  9977 | D:9      | Killed Grum
  9977 | D:9      | Reached skill level 5 in Throwing
 10344 | D:10     | Entered Level 10 of the Dungeon
 10442 | D:10     | Noticed hemol's ghost (experienced MiFi)
 10463 | D:10     | Killed hemol's ghost
 10463 | D:10     | Reached skill level 5 in Dodging
 10463 | D:10     | Reached XP level 11. HP: 55/68 MP: 12/12
 10545 | D:10     | Gained mutation: Your flesh is heat resistant. [potion of beneficial mutation]
 10548 | D:10     | Found a burning altar of Makhleb.
 11199 | D:10     | Found a staircase to the Lair.
 11356 | D:10     | Found Wucurif's Antique Weapon Shoppe.
 11605 | D:10     | Reached skill level 9 in Shields
 11681 | D:11     | Noticed Erolcha
 11712 | D:11     | Killed Erolcha
 11890 | D:11     | Noticed a hill giant
 11901 | D:11     | Killed a hill giant
 12148 | D:11     | Received a gift from Trog
 12837 | D:12     | Found a flickering gateway to a bazaar.
 12881 | Bazaar   | Entered a bazaar
 12882 | Bazaar   | Found Puasaix's Assorted Antiques.
 12884 | Bazaar   | Found Cradixiph's Weapon Boutique.
 12917 | Bazaar   | Found Gruyg's Book Shoppe.
 12929 | Bazaar   | Found Hiagri's Book Shop.
 12994 | Bazaar   | Bought a worn iron wand for 116 gold pieces
 12994 | Bazaar   | Bought a bone wand for 116 gold pieces
 12994 | Bazaar   | Bought a scroll of teleportation for 87 gold pieces
 13147 | D:12     | Noticed an eight-headed hydra
 13167 | D:12     | Killed an eight-headed hydra
 13167 | D:12     | Reached XP level 12. HP: 59/75 MP: 13/13
 13296 | D:12     | Found a staircase to the Orcish Mines.
 13590 | D:12     | Noticed a hill giant
 13598 | D:12     | Killed a hill giant
 14344 | D:13     | Reached skill level 10 in Stealth
 14363 | D:13     | Received a gift from Trog
 14796 | D:13     | Noticed Gastronok
 14813 | D:13     | Killed Gastronok
 14977 | D:13     | Lost mutation: Your flesh is heat resistant. [potion of cure mutation]
 15113 | D:13     | Noticed a centaur warrior
 15176 | D:13     | Gained mutation: You expend magic power (3 MP) to slightly strengthen your wands. [a shining eye]
 15350 | D:13     | Noticed a three-headed hydra
 15358 | D:13     | Reached skill level 10 in Shields
 15374 | D:13     | Killed a five-headed hydra
 15789 | D:14     | Reached XP level 13. HP: 53/82 MP: 14/14
 15823 | D:14     | Reached skill level 1 in Axes
 15826 | D:14     | Noticed a yaktaur captain
 15837 | D:14     | Killed a yaktaur captain
 15991 | D:14     | Noticed a centaur warrior
 16018 | D:14     | Reached skill level 10 in Fighting
 16161 | D:14     | Found a gate to the Vaults.
 16411 | D:14     | Killed a centaur warrior
 17096 | D:15     | Entered Level 15 of the Dungeon
 17193 | D:15     | Noticed 4thArraOfDagon's ghost (powerful TrHu)
 17222 | D:15     | Killed 4thArraOfDagon's ghost
 17222 | D:15     | Reached skill level 11 in Stealth
 17498 | D:15     | Found a staircase to the Depths.
 17498 | D:15     | Noticed a fire giant
 17528 | D:15     | Killed a fire giant
 18458 | D:15     | Received a gift from Trog
 18741 | D:15     | Noticed Sonja
 18766 | D:15     | Killed Sonja
 19025 | D:15     | Gained mutation: Your wings are large and strong. [gargoyle growth]
 19025 | D:15     | Reached XP level 14. HP: 67/88 MP: 15/15
 19716 | Orc:1    | Entered Level 1 of the Orcish Mines
 19736 | Orc:1    | Received a gift from Trog
 20243 | Orc:3    | Noticed Nessos
 20259 | Orc:3    | Noticed Snorg
 20261 | Orc:3    | Killed Nessos
 20301 | Orc:2    | Killed Snorg
 20344 | Orc:3    | Received a gift from Trog
 20503 | Orc:3    | Received a gift from Trog
 20855 | Orc:3    | Found Ydal Sma's Antique Armour Shoppe.
 21048 | Orc:3    | Reached skill level 12 in Stealth
 21083 | Orc:3    | Received a gift from Trog
 21404 | Orc:4    | Entered Level 4 of the Orcish Mines
 21506 | Orc:4    | Found Geasuar's General Store.
 21726 | Orc:4    | Found a staircase to the Elven Halls.
 21852 | Orc:4    | Found Vosuhyemom's Antique Weapon Emporium.
 22084 | Orc:4    | Noticed Psyche
 22085 | Orc:4    | Found Gavemaul's Magic Scroll Shoppe.
 22090 | Orc:4    | Received a gift from Trog
 22091 | Orc:4    | Killed Psyche
 22137 | Orc:4    | Found Kheriga's Food Emporium.
 22208 | Orc:4    | Bought a scroll of identify for 26 gold pieces
 22211 | Orc:4    | Bought a scroll of recharging for 123 gold pieces
 22211 | Orc:4    | Bought a scroll of fear for 45 gold pieces
 22211 | Orc:4    | Bought a scroll of fear for 45 gold pieces
 22211 | Orc:4    | Bought a scroll of enchant weapon for 97 gold pieces
 22775 | Orc:4    | Reached skill level 10 in Short Blades
 23131 | Orc:4    | Received a gift from Trog
 23606 | Orc:4    | Received a gift from Trog
 23785 | Orc:4    | Found Kudghiorphi's Antique Armour Shop.
 23785 | Orc:4    | Found Bepnoer's Gadget Boutique.
 23787 | Orc:4    | Found a one-way gate leading to the halls of Pandemonium.
 23855 | Orc:4    | Bought a plain deck of defence for 196 gold pieces
 23855 | Orc:4    | Bought a plain deck of wonders for 196 gold pieces
 23855 | Orc:4    | Bought a wand of draining (1) for 70 gold pieces
 23855 | Orc:4    | Bought a wand of fireball (2) for 168 gold pieces
 23855 | Orc:4    | Bought a plain deck of changes for 196 gold pieces
 24092 | Orc:4    | Reached skill level 1 in Evocations
 24151 | Orc:4    | Received a gift from Trog
 24179 | Orc:4    | Found a roughly hewn altar of Beogh.
 24391 | Elf:1    | Entered Level 1 of the Elven Halls
 25025 | Elf:1    | Received a gift from Trog
 25121 | Elf:1    | Reached XP level 15. HP: 87/95 MP: 17/17
 25370 | Elf:1    | Received a gift from Trog
 25431 | Elf:1    | Noticed a deep elf sorcerer
 25451 | Elf:1    | Killed a deep elf sorcerer
 25451 | Elf:1    | Reached skill level 10 in Throwing
 25451 | Elf:1    | Reached skill level 13 in Stealth
 26651 | Elf:1    | Noticed a deep elf sorcerer
 27061 | Elf:2    | Received a gift from Trog
 28136 | Elf:2    | Found a runed gate.
 28136 | Elf:2    | Found a runed gate.
 28136 | Elf:2    | Found a runed gate.
 28768 | Elf:2    | Noticed a deep elf blademaster
 28829 | Elf:2    | Killed a deep elf blademaster
 29127 | Elf:2    | Reached XP level 16. HP: 87/102 MP: 18/18
 29408 | Elf:2    | Received a gift from Trog
 29615 | Elf:2    | Reached skill level 14 in Stealth
 29786 | Elf:2    | Got a transparent whip
 29788 | Elf:2    | Identified the cursed +0 whip of Exoneration {speed, Dex+3} (You took it off a deep elf priest on level 2 of the Elven Halls)
 30362 | Elf:3    | Entered Level 3 of the Elven Halls
 30446 | Elf:3    | Noticed a Hell Sentinel
 30472 | Elf:3    | Noticed a Hell Sentinel
 30472 | Elf:3    | Killed from afar by a deep elf high priest

Action                   |  1- 3 |  4- 6 |  7- 9 | 10-12 | 13-15 | 16-18 || total
-------------------------+-------+-------+-------+-------+-------+-------++-------
Melee: Flail             |   159 |   348 |       |       |       |       ||   507
       Dagger            |       |   247 |       |       |       |       ||   247
       Spear             |       |    19 |       |       |       |       ||    19
       Trident           |       |     5 |       |       |       |       ||     5
       Short sword       |       |       |   572 |   760 |  1253 |    37 ||  2622
       Broad axe         |       |       |       |    65 |   171 |       ||   236
       Rapier            |       |       |       |       |   645 |    50 ||   695
       Whip              |       |       |       |       |       |   188 ||   188
       Demon blade       |       |       |       |       |       |    19 ||    19
 Fire: Hunting sling     |       |     7 |       |       |       |       ||     7
       Blowgun           |       |       |    51 |   253 |   241 |    17 ||   562
Throw: Tomahawk          |       |       |    32 |    67 |    97 |     7 ||   203
       Throwing net      |       |       |     1 |     1 |     5 |       ||     7
       Javelin           |       |       |     2 |    55 |   123 |     9 ||   189
Invok: Berserk           |       |     1 |       |       |       |       ||     1
       Burn Spellbooks   |       |       |     3 |     1 |     1 |       ||     5
       Trog's Hand       |       |       |     2 |     2 |     5 |       ||     9
       Brothers in Arms  |       |       |       |    13 |    17 |     4 ||    34
Evoke: Wand              |       |       |       |     2 |    13 |     1 ||    16
       Deck              |       |       |       |       |     1 |     4 ||     5
  Use: Scroll            |     5 |     1 |    19 |    20 |    18 |     2 ||    65
       Potion            |       |     5 |    13 |     6 |    12 |     2 ||    38
 Stab: Sleeping          |       |       |     7 |    39 |    68 |     5 ||   119
       Distracted        |       |       |     2 |     3 |    13 |     3 ||    21
       Invisible         |       |       |     1 |       |     5 |     7 ||    13
       Paralysed         |       |       |       |       |    18 |     9 ||    27
  Eat: Chunk             |     1 |     8 |     2 |       |       |       ||    11
       Pizza             |       |     2 |       |     1 |     6 |       ||     9
       Beef jerky        |       |     1 |       |       |     1 |       ||     2
       Meat ration       |       |       |     2 |     3 |     3 |       ||     8
       Fruit             |       |       |     6 |     8 |    14 |       ||    28
       Royal jelly       |       |       |       |     1 |     1 |       ||     2
       Bread ration      |       |       |       |       |     3 |     1 ||     4
